 Dungeon Crawl Stone Soup version 0.29-a0-845-g6161e89988 (webtiles) character file.

Game seed: 5636492798140450454

114 mathmaestro the Grave Robber (level 4, -13/33 HPs)
             Began as a Demonspawn Necromancer on July 15, 2022.
             Mangled by an ogre
             ... wielding a +0 giant club
              (21 damage)
             ... on level 3 of the Dungeon.
             The game lasted 00:05:57 (3014 turns).

mathmaestro the Grave Robber (DsNe)                 Turns: 3014, Time: 00:05:58

Health: -13/33     AC:  3    Str:  9    XL:     4   Next: 67%
Magic:  17/17      EV: 11    Int: 18    God:
Gold:   212        SH:  0    Dex: 13    Spells: 7/8 levels left

rFire   . . .      SeeInvis .   i - +2 dagger (elec)
rCold   . . .      Faith    .   (no shield)
rNeg    . . .      Spirit   .   e - +0 leather armour
rPois   .          Reflect  .   (helmet restricted)
rElec   .          Harm     .   (no cloak)
rCorr   .          Rampage  .   (no gloves)
Will    .....                   (no boots)
Stlth   +.........              (no amulet)
HPRegen 0.11/turn               o - ring of magical power
MPRegen 0.15/turn               (no ring)

@: confused, ambrosia-drunk
A: horns 1
a: no special abilities


You were on level 3 of the Dungeon.
You visited 1 branch of the dungeon, and saw 3 of its levels.

You collected 212 gold pieces.

Inventory:

Hand Weapons
 g - a +0 hand axe
 i - a +2 dagger of electrocution (weapon)
Armour
 e - a +0 leather armour (worn)
Magical Staves
 d - a staff of cold
Jewellery
 o - a ring of magical power (left hand)
Wands
 n - a wand of iceblast (9)
Scrolls
 f - a scroll of fog
 j - 3 scrolls of teleportation
 l - a scroll of enchant weapon
Potions
 a - 2 potions of might
 b - a potion of magic
 h - a potion of resistance {unknown}
 k - a potion of curing {unknown}
 m - a potion of lignification {unknown}
 p - a potion of brilliance {unknown}
 q - a potion of heal wounds {unknown}
 r - a potion of cancellation {unknown}


   Skills:
 + Level 2.0 Fighting
 + Level 1.2 Armour
 - Level 2.0 Dodging
 - Level 2.0 Stealth
 + Level 2.8 Spellcasting
 + Level 5.0 Necromancy


You had 7 spell levels left.
You knew the following spells:

 Your Spells              Type           Power      Damage    Failure   Level
a - Necrotise             Necr           80%        1d8       2%          1

Your spell library contained the following spells:

 Spells                   Type           Power      Damage    Failure   Level
 Vampiric Draining        Necr           20%        2d7       9%          3
 Animate Dead             Necr           20%        N/A       28%         4
 Confusing Touch          Hex            2%         N/A       56%         3
 Agony                    Necr           20%        N/A       61%         5
 Yara's Violent Unravell  Hex/Tmut       1%         3d3       99%         5
 Enfeeble                 Hex            1%         N/A       100%        7


Dungeon Overview and Level Annotations

Branches:
Dungeon (3/15)

Altars:

Annotations:
D:1 1 runed translucent door


Innate Abilities, Weirdness & Mutations

You have a pair of small horns on your head.


Message History

You now have 212 gold pieces (gained 16).
r - a ruby potion An ogre comes into view.
It is wielding a +0 giant club.
The ogre shouts!
Okay, then.
You see here a book of Dreams.
Casting: Necrotise (safe; 2% risk of failure)
Confirm with . or Enter, or press ? or * to list all spells.
Aiming: Necrotise (safe; 2% risk of failure)
Press: ? - help, Shift-Dir - straight line, f - ogre
Aim: an ogre, wielding a +0 giant club (chance to affect: 78%)
The ogre writhes in agony!
The ogre misses you.
Casting: Necrotise (safe; 2% risk of failure)
Confirm with . or Enter, or press ? or * to list all spells.
Aiming: Necrotise (safe; 2% risk of failure)
Press: ? - help, Shift-Dir - straight line, f/p - ogre
Aim: an ogre, wielding a +0 giant club (moderately wounded, chance to affect: 78%)
The ogre barely resists.
The ogre barely misses you.
Casting: Necrotise (safe; 2% risk of failure)
Confirm with . or Enter, or press ? or * to list all spells.
Aiming: Necrotise (safe; 2% risk of failure)
Press: ? - help, Shift-Dir - straight line, f/p - ogre
Aim: an ogre, wielding a +0 giant club (moderately wounded, chance to affect: 78%)
The ogre writhes in agony.
You hit the ogre. Your headbutt misses the ogre.
The ogre is heavily wounded.
The ogre barely misses you.
You barely miss the ogre.
The ogre is heavily wounded.
The ogre hits you with a +0 giant club!!
Ouch! That really hurt!
* * * LOW HITPOINT WARNING * * *
Okay, then.
You are confused.
You feel invigorated.
You hit the ogre.
The ogre is severely wounded.
The ogre hits you with a +0 giant club!!
Ouch! That really hurt!
You die...

.....## ####..#
##.# #.# #####
#####.######...#
.......>...#.#.###
#####...##.#.#...#
#
#........#.###.####
#
#......###...#@O..#
#
#............####.#
# #............# #
# #.....#.....## #
#.....#..#######
#..............#
#..............#
#..............#
###..............#


You could see an ogre.

Vanquished Creatures
  5 adders
  A worm (D:2)
  3 dart slugs
  An orc (D:3)
  4 ball pythons
  6 bats
  5 endoplasms
  A giant cockroach (D:1)
  2 goblins (D:1)
  10 hobgoblins
  3 jackals (D:1)
  2 quokkas
  4 frilled lizards
  5 kobolds
  5 rats
57 creatures vanquished.

Vanquished Creatures (collateral kills)
  2 goblins
2 creatures vanquished.

Grand Total: 59 creatures vanquished

Notes
Turn   | Place    | Note
-------+----------+-------------------------------------------
     0 | D:1      | mathmaestro the Demonspawn Necromancer began the quest for
                  | the Orb.
     0 | D:1      | Reached XP level 1. HP: 13/13 MP: 3/3
     2 | D:1      | Found a runed translucent door.
   325 | D:1      | Gained mutation: You have a pair of small horns on your
                  | head. [demonic ancestry]
   325 | D:1      | Reached XP level 2. HP: 20/20 MP: 0/5
   639 | D:1      | Reached skill level 1 in Fighting
   852 | D:1      | Reached XP level 3. HP: 20/26 MP: 1/6
  1817 | D:2      | Found a faded altar of an unknown god.
  2029 | D:2      | Reached XP level 4. HP: 33/33 MP: 6/8
  2353 | D:3      | Reached skill level 1 in Armour
  2353 | D:3      | Reached skill level 5 in Necromancy
  3006 | D:3      | Noticed an ogre
  3012 | D:3      | HP: 1/33 [ogre/+0 giant club (32)]
  3014 | D:3      | Mangled by an ogre

Illustrated notes

Levels and vault maps discovered:
D:1:      dpeg_arrival_caged_fury, layout_rooms
D:2:      layout_basic, ebering_ecumenical_altar_box, minmay_split_cup_large
D:3:      layout_basic

Skill      XL: |  1  2  3  4 |
---------------+-------------+-----
Stealth        | 2 |  2.0
Dodging        | 2 |  2.0
Fighting       | 1 2 |  2.0
Armour         | 1 |  1.2
Necromancy     | 5 |  5.0
Spellcasting   | |  2.8

Action                   |  1- 3 |  4- 6 || total
-------------------------+-------+-------++-------
Melee: Short sword       |    23 |       ||    23
       Headbutt          |     6 |     3 ||     9
       Dagger            |    17 |    30 ||    47
       Punch             |       |     1 ||     1
 Cast: Necrotise         |    44 |    16 ||    60
  Use: Scroll            |     3 |     4 ||     7
       Potion            |       |     1 ||     1
 Stab: Sleeping          |       |     3 ||     3
Armor: Robe              |     4 |       ||     4
       Leather armour    |     4 |     6 ||    10
Dodge: Dodged            |    37 |    15 ||    52

Table legend: (Time is in decaauts)
 A = Elapsed time spent in this place.
 B = Non-inter-level travel time spent in this place.
 C = Inter-level travel time spent in this place.
 D = Time resting spent in this place.
 E = Time spent auto-exploring this place.
 F = Levels seen in this place.
 G = Mean time per level.
                   A        B        C        D        E       F      G
               +--------+--------+--------+--------+--------+-----+--------+
         Total |   3014 |   2972 |     42 |    275 |   2201 |   3 | 1004.7 |
       Dungeon |   3014 |   2972 |     42 |    275 |   2201 |   3 | 1004.7 |
               +--------+--------+--------+--------+--------+-----+--------+

Top non-repeatable levels by time:
     D:1: 1157 daAuts
     D:2: 1092 daAuts
     D:3: 764 daAuts
